 Dungeon Crawl Stone Soup version 0.29-a0-275-g389c0b56f3 (webtiles) character file.

Game seed: 16756936317848797328

92 Anunax the Chiller (level 4, -8/30 HPs)
             Began as a Vampire Ice Elementalist on Mar 10, 2022.
             Killed by divine providence
             ... invoked by an orc priest
              (12 damage)
             ... on level 3 of the Dungeon.
             The game lasted 00:12:53 (2639 turns).

Anunax the Chiller (Vampire Ice Elementalist)       Turns: 2639, Time: 00:12:54

Health: -8/30      AC:  2    Str:  7    XL:     4   Next: 35%
Magic:  3/8        EV: 12    Int: 19    God:
Gold:   58         SH:  0    Dex: 14    Spells: 5/9 levels left

rFire   . . .      SeeInvis +   (no weapon)
rCold   . . .      Faith    .   (no shield)
rNeg    . . .      Spirit   .   a - +0 robe
rPois   .          Reflect  .   (no helmet)
rElec   .          Harm     .   (no cloak)
rCorr   .          Rampage  .   (no gloves)
Will    .....                   (no boots)
Stlth   ++........              (no amulet)
HPRegen 0.30/turn               (no ring)
MPRegen 0.11/turn               (no ring)

@: healing quickly
A: alive, fangs 3, see invisible, vampiric 2
a: Exsanguinate


You were on level 3 of the Dungeon.
You visited 1 branch of the dungeon, and saw 3 of its levels.

You collected 94 gold pieces.
You spent 36 gold pieces at shops.

Inventory:

Armour
 a - a +0 robe (worn)
Jewellery
 k - an amulet of regeneration
Scrolls
 c - a scroll of fog {unknown}
 e - a scroll of identify {unknown}
 f - 2 scrolls of amnesia {unknown}
 i - a scroll of enchant weapon {unknown}
 j - 2 scrolls of magic mapping {unknown}
Potions
 b - a potion of magic
 d - a potion of brilliance {unknown}
 g - 2 potions of might {unknown}
 h - a potion of resistance {unknown}
 l - a potion of curing


   Skills:
 + Level 2.4 Dodging
 + Level 3.4 Stealth
 + Level 0.3 Unarmed Combat
 + Level 3.1 Spellcasting
 + Level 4.9 Ice Magic


You had 5 spell levels left.
You knew the following spells:

 Your Spells              Type           Power      Damage    Failure   Level
a - Freeze                Ice            84%        1d10      1%          1
b - Frozen Ramparts       Ice            42%        1d6       6%          3

Your spell library contained the following spells:

 Spells                   Type           Power      Damage    Failure   Level
 Ozocubu's Armour         Ice            21%        N/A       6%          3
 Sublimation of Blood     Necr           2%         N/A       22%         2
 Wereblood                Tmut           2%         N/A       22%         2
 Hailstorm                Conj/Ice       12%        3d5       47%         4
 Summon Hydra             Summ           1%         N/A       100%        7


Dungeon Overview and Level Annotations

Branches:
Dungeon (3/15)

Altars:

Shops:
D:2 !   D:3 !


Innate Abilities, Weirdness & Mutations

Your natural rate of healing is accelerated.
You have razor-sharp teeth.
You have supernaturally acute eyesight. (SInv)
You are afflicted with vampirism and can become a bat while bloodless.


Message History

The wall freezes the orc.
The orc hits you with a +0 hand axe.
Casting: Freeze (safe; 1% risk of failure)
Confirm with . or Enter, or press ? or * to list all spells.
Aiming: Freeze (safe; 1% risk of failure)
Press: ? - help, Shift-Dir - straight line, f/p - orc
Aim: an orc, wielding a +0 hand axe (severely wounded)
You freeze the orc!
You kill the orc!
The frozen ramparts melt away.
Things that are here:
a +0 hand axe; an orc corpse The orc shouts!
You hear a shout!
An orc priest comes into view. It is wielding a +0 club.
Casting: Freeze (safe; 1% risk of failure)
Confirm with . or Enter, or press ? or * to list all spells.
You can't see any susceptible monsters within range! (Use Z to cast anyway.) Unknown command.
An orc comes into view. It is wielding a +0 dagger.
Casting: Freeze (safe; 1% risk of failure)
Confirm with . or Enter, or press ? or * to list all spells.
Aiming: Freeze (safe; 1% risk of failure)
Press: ? - help, Shift-Dir - straight line, f - orc
Aim: an orc, wielding a +0 hand axe You freeze the orc.
The orc is severely wounded.
The orc shouts!
The orc priest shouts!
The orc hits you with a +0 hand axe.
An orc comes into view.
It is wielding a +0 dagger of protection.
Unknown command.
The orc barely misses you. The orc attacks as you move away!
The orc hits you with a +0 hand axe.
The orc priest mumbles some strange prayers to Beogh against you.
Beogh smites you!
Ouch! That really hurt!
* * * LOW HITPOINT WARNING * * *
The orc attacks as you move away! The orc hits you with a +0 hand axe.
* * * LOW HITPOINT WARNING * * *
The orc priest mumbles some strange prayers to Beogh against you.
Beogh smites you!
You die...

#### #.# ## ...## #.#
###. ##...## #. #... ##
##.o...## #.#####.#.
...##.oo....###.........
#..............#####.#.
####..o....###.# #.#.
##.....## #.# #.#.
##@..## #.# #.#.
####.######.# #.#.
#....)....#.# #.#.
#.#######.#.# #.#. #
#...# #.#. #...#####.#.
#...........
#.########.. #.# #..


You could see an orc priest and 3 orcs.

Vanquished Creatures
  A gnoll (D:1)
  3 adders (D:2)
  A worm (D:2)
  2 dart slugs
  An orc (D:3)
  2 endoplasms
  2 giant cockroaches
  4 goblins
  5 hobgoblins
  2 jackals (D:1)
  3 kobolds (D:1)
  A quokka (D:1)
  7 ball pythons
  4 bats
  3 frilled lizards
  6 rats
47 creatures vanquished.

Vanquished Creatures (others)
  4 plants (D:2)
4 creatures vanquished.

Grand Total: 51 creatures vanquished

Notes
Turn   | Place    | Note
-------+----------+-------------------------------------------
     0 | D:1      | Anunax the Vampire Ice Elementalist began the quest for the
                  | Orb.
     0 | D:1      | Reached XP level 1. HP: 13/13 MP: 3/3
    56 | D:1      | Found a faded altar of an unknown god.
   189 | D:1      | Reached XP level 2. HP: 19/19 MP: 1/5
   850 | D:1      | Gained mutation: You are afflicted with vampirism and can
                  | become a bat while bloodless. [Vampire growth]
   850 | D:1      | Reached XP level 3. HP: 24/24 MP: 4/6
  1234 | D:1      | Learned a level 3 spell: Frozen Ramparts
  1583 | D:2      | Found Hiantew's Distillery.
  1842 | D:2      | Reached XP level 4. HP: 4/30 MP: 6/8
  2408 | D:3      | Found Utrid's Distillery.
  2412 | D:3      | Bought a potion of curing for 36 gold pieces
  2639 | D:3      | Killed from afar by an orc priest

Illustrated notes

Levels and vault maps discovered:
D:1:      lightli_arrival_quake, layout_basic, ebering_ecumenical_altar_box,
          grunt_decor_clamped, wad_floor_pattern_2, minmay_misc_feat_alley
D:2:      layout_rooms, serial_bayou, serial_bayou_lagoon_a,
          serial_bayou_crossing, serial_bayou_pond_e, serial_bayou_ford_a,
          serial_bayou_shore_a, serial_shops, shop_fountains
D:3:      layout_loops_ring, okawaru_ov_weapons_minmay, serial_shops,
          shop_fountains, uniq_crazy_yiuf_cottage

Skill      XL: |  1  2  3 |
---------------+----------+-----
Spellcasting   | 3 |  3.1
Dodging        | |  2.4
Stealth        | |  3.4
Unarmed Combat | |  0.3
Ice Magic      | |  4.9

Action                   |  1- 3 |  4- 6 || total
-------------------------+-------+-------++-------
Melee: Unarmed           |    23 |    33 ||    56
       Bite              |       |     2 ||     2
       Punch             |       |     1 ||     1
 Cast: Freeze            |    46 |    12 ||    58
       Frozen Ramparts   |     1 |     1 ||     2
  Use: Potion            |       |     1 ||     1
 Stab: Sleeping          |     2 |     1 ||     3
Armor: Robe              |    10 |     1 ||    11
Dodge: Dodged            |    47 |    26 ||    73

Table legend: (Time is in decaauts)
 A = Elapsed time spent in this place.
 B = Non-inter-level travel time spent in this place.
 C = Inter-level travel time spent in this place.
 D = Time resting spent in this place.
 E = Time spent auto-exploring this place.
 F = Levels seen in this place.
 G = Mean time per level.
                   A        B        C        D        E       F      G
               +--------+--------+--------+--------+--------+-----+--------+
         Total |   2675 |   2587 |     88 |    107 |   2040 |   3 |  891.7 |
       Dungeon |   2675 |   2587 |     88 |    107 |   2040 |   3 |  891.7 |
               +--------+--------+--------+--------+--------+-----+--------+

Top non-repeatable levels by time:
     D:1: 1235 daAuts
     D:2: 1053 daAuts
     D:3: 386 daAuts
